AoeStats
← AOELG_bravedave92

Arabia

507028257Analyzed
2v2 RM · 18d ago on Sep 16, 2026· 73m 38s· 4 players
Game mode
Random Map
Map size
Medium (4 player)
Population
200
Speed
Normal
Resources
Standard
Victory
Conquest
Starting age
Dark Age
Ending age
Imperial Age
RankedLock teamsTeams togetherTeam positionsShared explorationLock speedFull tech treeHidden civsTurbo modeCheats
Victory
Defeat
🇨🇭 Mongols · Switzerland
1173
+15
🇩🇪 Persians · Germany
1117
+17
🇬🇧 Magyars · United Kingdom
1169
-17
🇮🇳 Franks · India
1115
-15
Shyman
2:41 Loom
9:15 Feudal Age
10:14 Double-Bit Axe
18:38 Bloodlines
22:33 Castle Age
21:18 Gold Mining
21:12 Horse Collar
22:09 Bloodlines
24:01 Scale Barding Armor
25:04 Husbandry
28:11 Chain Barding Armor
29:31 Wheelbarrow
28:43 Town Watch
39:04 Imperial Age
40:26 Plate Barding Armor
39:12 Cavalier
40:50 Pikeman
41:39 Scale Mail Armor
41:30 Fletching
42:45 Chain Mail Armor
44:50 Light Cavalry
48:18 Hand Cart
48:16 Bodkin Arrow
48:22 Padded Archer Armor
48:44 Ballistics
49:25 Chemistry
49:33 Bracer
49:32 Stone Mining
50:49 Leather Archer Armor
50:19 Heavy Cavalry Archer
53:22 Thumb Ring
53:54 Hussar
58:12 Recurve Bow
60:41 Ring Archer Armor
WhiskeyTangoFoxtrot
6:21 Loom
8:54 Feudal Age
9:23 Double-Bit Axe
22:54 Castle Age
24:38 Forging
24:34 Scale Barding Armor
24:44 Forging
24:39 Gold Mining
26:05 Chain Barding Armor
29:58 Pikeman
33:17 Town Watch
35:24 Bow Saw
35:57 Wheelbarrow
35:28 Scale Mail Armor
39:42 Hand Cart
42:38 Imperial Age
42:51 Gold Shaft Mining
42:07 Stone Mining
44:16 Chain Mail Armor
43:50 Cavalier
45:09 Plate Barding Armor
46:40 Conscription
45:53 Halberdier
49:24 Iron Casting
48:39 Fletching
50:55 Paladin
52:49 Blast Furnace
AOELG_bravedave92
6:50 Loom
7:06 Loom
8:54 Feudal Age
9:35 Double-Bit Axe
14:14 Horse Collar
15:23 Forging
21:39 Castle Age
21:42 Scale Barding Armor
21:53 Bloodlines
24:23 Wheelbarrow
24:10 Fletching
24:57 Gold Mining
25:20 Bow Saw
25:22 Heavy Plow
26:04 Light Cavalry
29:05 Kamandaran
30:10 Iron Casting
30:28 Chain Barding Armor
30:49 Crossbowman
36:21 Bodkin Arrow
36:29 Padded Archer Armor
36:53 Ballistics
40:33 Imperial Age
39:39 Stone Mining
40:23 Leather Archer Armor
41:00 Hand Cart
43:48 Blast Furnace
43:24 Plate Barding Armor
43:46 Ring Archer Armor
44:45 Conscription
45:58 Citadels
50:27 Thumb Ring
51:27 Crop Rotation
53:29 Chemistry
52:57 Masonry
54:35 Scale Mail Armor
55:41 Two-Man Saw
54:48 Light Cavalry
56:01 Elite War Elephant
57:49 Pikeman
58:15 Arson
60:39 Elite Skirmisher
66:39 Gold Shaft Mining
66:47 Hussar
67:28 Husbandry
69:07 Stone Shaft Mining
frickman
8:23 Feudal Age
7:41 Loom
9:18 Double-Bit Axe
14:44 Horse Collar
17:07 Bloodlines
22:58 Castle Age
21:25 Forging
21:21 Scale Barding Armor
22:52 Gold Mining
24:33 Gold Shaft Mining
24:10 Bow Saw
24:19 Husbandry
31:57 Iron Casting
33:58 Fletching
34:28 Chain Barding Armor
40:24 Heavy Plow
41:16 Wheelbarrow
41:24 Wheelbarrow
40:55 Bodkin Arrow
45:27 Imperial Age
44:43 Hand Cart
45:02 Ballistics
45:32 Heavy Camel Rider
47:16 Blast Furnace
46:16 Bracer
46:17 Padded Archer Armor
46:30 Siege Engineers
46:35 Masonry
48:31 Conscription
49:23 Hoardings
50:07 Leather Archer Armor
49:15 Elite Skirmisher
50:14 Thumb Ring
49:32 Light Cavalry
53:10 Hussar
57:14 Scale Mail Armor
59:35 Elite Mangudai
62:18 Chemistry
68:12 Murder Holes
68:28 Masonry
71:16 Squires
70:37 Pikeman
Connection lost

Rejoining the realm…

Still unreachable

The connection could not be restored.

Session expired

The server has moved on; the page needs a fresh start.